 Dungeon Crawl Stone Soup version 0.18.1-5-g4a78601 (webtiles) character file.

87 Scarto the Shield-Bearer (level 4, -2/28 HPs)
             Began as a Gargoyle Fighter on May 8, 2016.
             Slain by Grinder (6 damage)
             ... on level 3 of the Dungeon on May 9, 2016.
             The game lasted 00:03:21 (1715 turns).

Scarto the Shield-Bearer (Gargoyle Fighter)         Turns: 1715, Time: 00:03:22

Health: -2/28      AC: 12    Str: 20    XL:     4   Next: 51%
Magic:  4/4        EV:  6    Int:  9    God:
Gold:   138        SH: 14    Dex:  9    Spells: 0 memorised, 3 levels left

rFire  . . .     SeeInvis .     a - +0 war axe
rCold  . . .     Gourm    .     b - +0 scale mail
rNeg   + . .     Faith    .     o - +0 large shield
rPois  ∞         Spirit   .     (no helmet)
rElec  +         Dismiss  .     (no cloak)
rCorr  .         Reflect  .     l - +1 pair of gloves
SustAt .         Harm     .     (no boots)
MR     .....                    (no amulet)
Stlth  ..........               (no ring)
                                (no ring)

@: not resistant to hostile enchantments, extremely unstealthy
A: negative energy resistance 1, electricity resistance, unbreathing,
petrification resistance, rot immunity, AC +3
a: no special abilities


You were on level 3 of the Dungeon.
You were not hungry.

You visited 1 branch of the dungeon, and saw 3 of its levels.

You collected 138 gold pieces.

Inventory:

Hand Weapons
 a - a +0 war axe (weapon)
Armour
 b - a +0 scale mail (worn)
 l - a +1 pair of gloves (worn)
 o - a +0 large shield (worn)
Scrolls
 g - 2 scrolls of remove curse
 h - 2 scrolls of enchant armour
 j - a scroll of fog
 p - a scroll of fear
 r - a scroll of enchant weapon
Potions
 c - a potion of curing {unknown}
 d - a potion of might
 e - a potion of agility {unknown}
 i - a potion of flight {unknown}
 k - a potion of haste {unknown}
 q - a potion of invisibility {unknown}
Comestibles
 f - 2 bread rations
 m - a slice of pizza
 n - a beef jerky


   Skills:
 + Level 3.5 Fighting
 + Level 2.2 Axes
 + Level 3.5 Armour
 + Level 1.5 Dodging
 + Level 4.2 Shields


You had 3 spell levels left.
You didn't know any spells.

Dungeon Overview and Level Annotations

Branches:
Dungeon (3/15)

Altars:
Qazlal
The Shining One

Annotations:
D:3 Grinder


Innate Abilities, Weirdness & Mutations

You are resistant to torment.
Your stone body is resilient (AC +3).
You are immune to poison.
You resist negative energy.
You are resistant to electric shocks.
You can survive without breathing.
You are immune to petrification.
You are immune to rotting.


Message History

Grinder says, "Tell me all your secrets, or I'll kill you."
You closely miss Grinder.
Grinder blinks!
You hit Grinder but do no damage. Grinder hits you but does no damage.
Grinder blinks!
Your shield and scale mail prevent you from hitting Grinder.
Grinder gestures at you.
You suddenly lose the ability to move!
Grinder hits you. x2
* * * LOW HITPOINT WARNING * * *
You can move again.
You closely miss Grinder. You block Grinder's attack. x2
You slash Grinder!
Grinder is moderately wounded.
You block Grinder's attack. Grinder hits you.
* * * LOW HITPOINT WARNING * * *
Unknown command.
You closely miss Grinder.
Grinder is moderately wounded.
Grinder hits you.
You die...

#......# # #......+
#.#......######
#.............#
#.............#
#.............#
.....######'#'##
... ######.#.# .
+..@5..#.#
########.#
#.......#
####'#######
##+#+###......#####
#..................
#..................
+..................
#..................


You could see Grinder.

Vanquished Creatures
  Robin (D:2)
  An adder (D:2)
  An ooze (D:2)
  A worm (D:3)
  2 giant geckos (D:1)
  3 bats
  9 hobgoblins
  7 jackals (D:1)
  5 kobolds
  3 giant newts
  15 goblins
  2 rats
50 creatures vanquished.

Notes
Turn   | Place    | Note
--------------------------------------------------------------
     0 | D:1      | Scarto the Gargoyle Fighter began the quest for the Orb.
     0 | D:1      | Reached XP level 1. HP: 14/14 MP: 1/1
     0 | D:1      | Upgraded the game from 0.18.1-2-ga659475 to 0.18.1-5-g4a78601
   434 | D:1      | Reached XP level 2. HP: 18/19 MP: 2/2
   675 | D:1      | Reached skill level 1 in Dodging
   677 | D:1      | Reached XP level 3. HP: 18/23 MP: 3/3
  1083 | D:2      | Found a glowing golden altar of the Shining One.
  1164 | D:2      | Noticed Robin
  1174 | D:2      | Killed Robin
  1174 | D:2      | Reached skill level 4 in Shields
  1174 | D:2      | Reached XP level 4. HP: 22/28 MP: 4/4
  1548 | D:2      | Noticed a fire elemental
  1549 | D:2      | Found a stormy altar of Qazlal.
  1551 | D:2      | Noticed an air elemental
  1551 | D:2      | Noticed an earth elemental
  1551 | D:2      | Noticed a water elemental
  1658 | D:3      | Noticed Grinder
  1662 | D:3      | Paralysed by Grinder for 6 turns
  1710 | D:3      | Paralysed by Grinder for 3 turns
  1715 | D:3      | Slain by Grinder

Skill      XL: |  1  2  3 |
---------------+----------+-----
Dodging        | 1 |  1.5
Axes           | 2 |  2.2
Shields        | 4 |  4.2
Fighting       | |  3.5
Armour         | |  3.5

Action                   |  1- 3 |  4- 6 || total
-------------------------+-------+-------++-------
Melee: War axe           |   144 |    58 ||   202
  Use: Scroll            |       |     5 ||     5
  Eat: Bread ration      |       |     1 ||     1
Armor: Scale mail        |   108 |    25 ||   133
Dodge: Dodged            |    66 |    12 ||    78
Block: Shield            |    95 |       ||    95
       Large shield      |     9 |    51 ||    60
